 Dungeon Crawl Stone Soup version bcrawl-1.20.1 (webtiles) character file.

Game seed: 1445356498365227001

155659 Bnni the Warrior (level 17, -5/159 HPs)
             Began as an Oni Wizard on Jan 26, 2020.
             Was a High Priest of Cheibriados.
             Slain by a ghost moth (9 damage)
             ... on level 1 of the Spider Nest.
             The game lasted 02:07:09 (35955 turns).

Bnni the Warrior (Oni Wizard)                      Turns: 35955, Time: 02:07:10

Health: -5/159     AC: 17    Str: 30    XL:     17   Next: 65%
Magic:  0/35       EV: 11    Int: 39    God:    Cheibriados [*****.]
Gold:   3593       SH:  6    Dex: 25    Spells: 4/40 levels left

rFire    + + .     SeeInvis .   P - +3 demon trident (freeze)
rCold    + . .     Gourm    .   M - +0 buckler {reflect}
rNeg     . . .     Faith    .   S - +0 fire dragon scales
rPois    +         Spirit   .   u - +1 hat
rElec    .         Reflect  +   y - +0 cloak
rCorr    +         Harm     .   G - +0 pair of gloves
MR       ++...                  L - +2 pair of boots of the Blacksmith {*Contam +Inv MR+ rCorr}
Stlth    +.........             q - amulet of the acrobat
HPRegen  0.36/turn              N - ring of poison resistance
MPRegen  0.24/turn              D - ring "Geca" {*Slow rC++ Int+5}

@: very slow
A: oni magic, claws 1, fangs 1, horns 1
a: Bend Time, Temporal Distortion, Slouch, Step From Time, Renounce Religion,
Evoke Invisibility


You were on level 1 of the Spider Nest.
You worshipped Cheibriados.
Cheibriados was extremely pleased with you.
You were hungry.

You visited 6 branches of the dungeon, and saw 23 of its levels.
You also visited: Ossuary.

You collected 3790 gold pieces.
You spent 197 gold pieces at shops.

Inventory:

Hand Weapons
 P - a +3 demon trident of freezing (weapon)
Armour
 a - +0 ice dragon scales
 u - a +1 hat (worn)
 y - a +0 cloak (worn)
 G - a +0 pair of gloves (worn)
 L - the +2 pair of boots of the Blacksmith (worn) {*Contam +Inv MR+ rCorr}
   (You found it on level 1 of the Depths)

   It affects your resistance to hostile enchantments.
   It lets you turn invisible.
   It causes magical contamination when unequipped.
   It provides partial protection from all sources of acid and corrosion.
 M - a +0 buckler of reflection (worn)
 S - +0 fire dragon scales (worn)
Jewellery
 q - an amulet of the acrobat (around neck)
 z - an uncursed ring of flight
 D - the ring "Geca" (right hand) {*Slow rC++ Int+5}
   (You found it on level 1 of the Depths)

   [ring of intelligence]

   It affects your intelligence (+5).
   It greatly protects you from cold.
   It may slow you when you take damage.
 N - a ring of poison resistance (left hand)
Wands
 c - a wand of acid (12)
 p - a wand of iceblast (10)
 x - a wand of disintegration (27)
 C - a wand of flame (66)
 R - a wand of random effects (24)
Scrolls
 b - 7 scrolls of remove curse
 d - 10 scrolls of identify
 g - a scroll of brand weapon
 k - a scroll of summoning
 r - a scroll of vulnerability
 t - 2 scrolls of fog
 v - 11 scrolls of teleportation
 w - 6 scrolls of magic mapping
 A - 2 scrolls of blinking
 H - a scroll of enchant armour
 I - a scroll of fear
 J - 2 scrolls of amnesia
 U - 2 scrolls of immolation
Potions
 f - 2 potions of brilliance
 h - 5 potions of lignification
 j - 7 potions of agility
 l - 3 potions of cancellation
 m - 3 potions of magic
 n - 3 potions of flight
 o - 4 potions of curing
 s - 4 potions of might
 B - 2 potions of resistance
 K - a potion of invisibility
Miscellaneous
 i - a lightning rod (4/4)
 O - a lamp of fire
Comestibles
 e - 37 rations {!d}
 E - 2 chunks of flesh


   Skills:
 + Level 16.5 Fighting
 - Level 14.0 Polearms
 + Level 7.1 Armour
 - Level 1.7 Dodging
 - Level 1.7 Stealth
 - Level 4.1 Shields
 * Level 12.3 Spellcasting
   Level 12.3 Conjurations
   Level 12.3 Hexes
   Level 12.3 Charms
   Level 12.3 Summonings
   Level 12.3 Necromancy
   Level 12.3 Translocations
   Level 12.3 Transmutations
   Level 12.3 Fire Magic
   Level 12.3 Ice Magic
   Level 12.3 Air Magic
   Level 12.3 Earth Magic
   Level 12.3 Poison Magic
 - Level 13.0 Invocations


You had 4 spell levels left.
You knew the following spells:

 Your Spells              Type           Power        Failure   Level  Hunger
a - Bolt of Draining      Conj/Necr      #######...   1%          5    None
b - Blink                 Tloc           N/A          0%          2    None
c - Freeze                Ice            ######       0%          1    None
d - Spellforged Servitor  Conj/Summ      #######...   17%         7    #####..
e - Conjure Flame         Conj/Fire      #######.     1%          3    None
f - Mephitic Cloud        Conj/Pois/Air  #######.     1%          3    None
g - Summon Scorpions      Summ/Pois      #######.     1%          4    None
h - Dispel Undead         Necr           #######.     1%          5    None
i - Bolt of Fire          Conj/Fire      #######...   3%          6    ###....

Your spell library contained the following spells:

 Spells                   Type           Power        Failure   Level  Hunger
 Magic Dart               Conj           ####         0%          1    None
 Call Imp                 Summ           ######       0%          2    None
 Searing Ray              Conj           #######.     0%          2    None
 Inner Flame              Hex/Fire       N/A          1%          3    None
 Spider Form              Tmut/Pois      ###          1%          3    None


Dungeon Overview and Level Annotations

Branches:
Dungeon (12/12)            Temple (1/1) D:4            Lair (6/6) D:8
 Shoals (0/3) Lair:4       Spider (1/3) Lair:2        Slime (0/5) Lair:6
    Orc (1/1) D:11            Elf (0/3) Orc          Vaults (0/3) D:12
 Depths (2/5) D:12

Altars:
Ashenzari
Cheibriados
Dithmenos
Elyvilon
Fedhas
Gozag
Hepliaklqana
Kikubaaqudgha
Lugonu
Makhleb
Nemelex Xobeh
Okawaru
Qazlal
Ru
Sif Muna
Trog
Uskayaw
Vehumet
Wu Jian
Xom
Yredelemnul
Zin
The Shining One
Jiyva

Shops:
D:4 *   D:6 [   Orc %}=(!

Portals:
Hell: Depths:1 Depths:2
Pandemonium: Depths:1 Depths:2


Innate Abilities, Weirdness & Mutations

You learn spells by gaining experience, not through books or religion.
You only train spellcasting to practice magic.
You have sharp fingernails.
You have very sharp teeth.
You have a pair of small horns on your head.


Message History

You feel you are being watched by something.
Your scorpion barely misses the jumping spider.
You struggle to detach yourself from the web.
The jumping spider pounces on you but does no damage.
The jumping spider barely misses you.
You feel you are being watched by something.
You feel your power leaking away. Something hits your scorpion! x2
Your scorpion dies!
Your scorpion's corpse disappears in a puff of smoke!
The jumping spider pounces on you but does no damage.
The jumping spider bites you but does no damage.
The web tears apart.
The jumping spider closely misses you. The jumping spider bites you.
* * * LOW HITPOINT WARNING * * *
The jumping spider leaps!
Something hits you!
* * * LOW HITPOINT WARNING * * *
Deactivating autopickup; reactivate with Ctrl-A.
Something hits you!
You die...

###..#..#.........##
##....#..........#
#...#......#....#
#...#..##.##...# .
#...#......^#####.
##...........^.#..
##....#..#........
#§†#..#..#...#...#
#@{.............##
##s..#.....##...##
##ss...#..##...#.
##....##...##.^..
#..○####... #....
#.....##.#
....##.... ....#..
..#......##..# ..
#≈# .....##.....##
≈≈ .....#.......≈


You could see 2 jumping spiders and a redback.

Vanquished Creatures
  An ancient lich (Depths:1)
  A Killer Klown (Depths:2)
  the Enchantress (Depths:1)
  The ghost of MisterOstroum the Spry, an adept FrCj of Sif Muna (Depths:1)
  A lich (Depths:2)
  4 fire giants (Depths:1)
  Aizul (Depths:1)
  An emperor scorpion (Spider:1)
  An orc warlord (Orc)
  3 stone giants (Depths:1)
  3 spriggan defenders (Depths:1)
  A vampire knight (Depths:1)
  4 spark wasps (Depths:2)
  3 ettins (Depths:1)
  2 fire dragons
  2 great orbs of eyes (Depths:1)
  3 ice dragons (Depths:1)
  A monstrous demonspawn (Depths:1)
  2 yaktaur captains
  2 hell beasts
  3 spriggan air magi (Depths:1)
  8 hydras
  Psyche (D:11)
  11 two-headed ogres
  3 centaur warriors
  2 ogre magi (Orc)
  A deep troll shaman (Depths:1)
  A death yak (Lair:3)
  An orc high priest (Orc)
  A vampire mage (D:12)
  2 deep troll earth magi
  3 tengu warriors
  2 spriggan berserkers (Depths:1)
  3 skeletal warriors
  7 deep trolls
  2 unseen horrors
  3 hell knights (Depths:1)
  A golden dragon zombie (D:12)
  An infernal demonspawn (Depths:2)
  A swamp dragon (Lair:6)
  2 cyclopes (Orc)
  3 lindwurms
  An orc knight (Orc)
  An iron dragon zombie (D:12)
  2 orc sorcerers (Orc)
  8 wolf spiders
  A manticore (Lair:4)
  8 elephants (Lair:6)
  A moth of wrath (Spider:1)
  8 black mambas
  A guardian serpent (Lair:6)
  A rust devil (Depths:2)
  A frost giant skeleton (D:12)
  A smoke demon (Depths:2)
  2 orange demons (Depths:1)
  4 centaur skeletons
  11 cane toads
  A spriggan skeleton (D:12)
  A redback zombie (D:9)
  7 komodo dragons
  4 demonic crawlers (Spider:1)
  4 yaktaurs
  6 rime drakes
  2 tengu conjurers
  A hellwing (Depths:2)
  8 trolls
  A meliai (shapeshifter) (Depths:1)
  3 meliai (D:10)
  A red devil (Depths:2)
  5 jumping spiders
  A queen bee (shapeshifter) (Depths:1)
  3 polar bears
  16 blink frogs
  Prince Ribbit (Lair:3)
  3 hornets
  9 slime creatures
  2 dream sheep (Lair:6)
  A hippogriff (shapeshifter) (Depths:1)
  11 hippogriffs
  7 wyverns (Lair:6)
  12 tarantellas (Spider:1)
  2 spriggans (Depths:1)
  2 water elementals (Depths:1)
  16 redbacks
  5 wraiths
  17 yaks
  A ynoxinul (Depths:1)
  3 basilisks
  2 hungry ghosts
  A steam dragon (Lair:6)
  5 vampire mosquitoes
  A naga (shapeshifter) (Depths:1)
  A soldier ant (shapeshifter) (D:12)
  3 acid dragons (Lair:6)
  9 crocodiles
  Duvessa (D:5)
  13 water moccasins
  12 porcupines
  12 orc warriors
  3 phantoms
  3 sky beasts
  2 swamp drakes (Lair:6)
  3 ice beasts
  25 ogres
  5 wolves
  6 necrophages
  3 boggarts (Depths:1)
  A centaur (D:8)
  2 elf zombies (Ossuary)
  A big kobold (D:9)
  7 bullfrogs
  3 scorpions
  Dowan (D:6)
  3 killer bees
  2 electric eels
  7 crimson imps
  3 howler monkeys
  2 bullfrog zombies
  4 jellies
  4 quasits
  4 centaur zombies
  2 hounds (D:7)
  14 orc wizards
  4 orc priests
  2 bullfrog skeletons
  A human zombie (Ossuary)
  2 iguanas
  3 iron imps
  9 worker ants
  A big kobold zombie (Ossuary)
  4 mummies
  A worker ant zombie (D:9)
  A howler monkey skeleton (D:7)
  10 adders
  12 shadow imps
  A white imp (Depths:1)
  3 ufetubi
  2 oozes
  4 adder zombies
  4 adder skeletons
  8 worms
  3 dart slugs
  A leopard gecko (D:7)
  60 orcs
  8 goblins
  5 hobgoblins
  4 jackals
  11 kobolds
  5 quokkas
  3 ball pythons
  7 bats
  7 frilled lizards
  A gnoll zombie (Ossuary)
  3 goblin zombies (Ossuary)
  3 hobgoblin zombies (Ossuary)
  2 jackal zombies (Ossuary)
  7 kobold zombies
  An orc zombie (Ossuary)
  A quokka skeleton (D:4)
  3 quokka zombies (Ossuary)
  3 rats
  2 rat zombies (Ossuary)
689 creatures vanquished.

Vanquished Creatures (collateral kills)
  Mara (Depths:1)
  2 liches (Depths:1)
  The ghost of Chiseanne the Fencer, an adept DsAc of Okawaru (Depths:1)
  A dire elephant (Lair:3)
  Josephine (Orc)
  A great orb of eyes (Depths:1)
  A hydra (Lair:2)
  A tengu warrior (D:11)
  A two-headed ogre (D:9)
  A deep elf mage (D:11)
  4 necromancers
  An ugly thing (D:10)
  An orb spider (Spider:1)
  2 elephants (Lair:6)
  2 black mambas
  3 cane toads
  A yaktaur (D:12)
  A yaktaur (shapeshifter) (Depths:1)
  A demonic crawler (Spider:1)
  A jumping spider (Lair:2)
  2 trolls
  2 hornets
  A slime creature (D:10)
  3 dream sheep
  3 blink frogs
  5 hippogriffs
  2 tarantellas (Spider:1)
  6 yaks
  A human (D:9)
  8 redbacks
  A wyvern (Lair:6)
  3 hogs (D:9)
  2 basilisks
  A steam dragon (D:8)
  A hungry ghost (D:6)
  2 crocodiles
  A soldier ant (shapeshifter) (Depths:1)
  4 water moccasins
  A porcupine (Lair:2)
  5 orc warriors
  An ice beast (D:11)
  A centaur (D:9)
  A wolf (Lair:3)
  2 bullfrogs
  A big kobold (D:12)
  A gnoll sergeant (D:10)
  3 killer bees (D:9)
  3 howler monkeys
  3 crimson imps
  A hound (D:5)
  2 jellies
  4 orc wizards
  3 orc priests
  2 iguanas
  3 worker ants
  A hound zombie (Ossuary)
  4 gnolls (D:10)
  A shadow imp (D:11)
  11 orcs
  2 goblin zombies (Ossuary)
  A kobold (D:12)
  A quokka zombie (Ossuary)
  A rat zombie (Ossuary)
  A plant (Lair:6)
136 creatures vanquished.

Vanquished Creatures (others)
  A yaktaur (Depths:1)
  A redback (Spider:1)
  21 fungi
  40 plants
  9 toadstools (Lair:3)
  A withered plant (D:12)
73 creatures vanquished.

Grand Total: 898 creatures vanquished

Notes
Turn   | Place    | Note
-------+----------+-------------------------------------------
     0 | D:1      | Bnni the Oni Wizard began the quest for the Orb.
     0 | D:1      | Reached XP level 1. HP: 14/14 MP: 5/5
   112 | D:1      | Reached skill level 1 in Fighting
   165 | D:1      | Reached XP level 2. HP: 19/23 MP: 7/7
   171 | D:1      | Learned a level 2 spell: Blink
   173 | D:1      | Learned a level 1 spell: Freeze
   376 | D:1      | Reached skill level 2 in Fighting
  1160 | D:2      | Reached XP level 3. HP: 23/29 MP: 4/8
  1507 | D:2      | Found a white marble altar of Elyvilon.
  2450 | D:3      | Reached XP level 4. HP: 37/37 MP: 5/10
  2569 | D:3      | Learned a level 2 spell: Searing Ray
  3052 | D:3      | Reached skill level 3 in Fighting
  3052 | D:3      | Reached XP level 5. HP: 20/45 MP: 0/11
  4045 | D:4      | Learned a level 3 spell: Conjure Flame
  4163 | D:4      | Reached XP level 6. HP: 45/52 MP: 6/13
  4420 | D:4      | Noticed a phantom
  4756 | D:4      | Killed a phantom
  4756 | D:4      | Reached skill level 4 in Fighting
  4891 | D:4      | Reached XP level 7. HP: 53/59 MP: 15/15
  5222 | D:4      | Found Zeuma's Assorted Antiques.
  5246 | D:4      | Bought a scroll labeled JISEIW SAUH for 28 gold pieces
  5443 | D:4      | Found a staircase to the Ecumenical Temple.
  5714 | Temple   | Entered the Ecumenical Temple
  5852 | Temple   | Became a worshipper of Cheibriados the Contemplative
  5926 | D:5      | Entered Level 5 of the Dungeon
  6016 | D:5      | Reached skill level 5 in Spellcasting
  6126 | D:5      | Learned a level 3 spell: Mephitic Cloud
  6138 | D:5      | Reached skill level 5 in Fighting
  6208 | D:5      | Reached XP level 8. HP: 56/68 MP: 10/18
  6334 | D:5      | Found a shadowy altar of Dithmenos.
  6341 | D:5      | Learned a level 4 spell: Summon Scorpions
  6796 | D:5      | Reached * piety under Cheibriados
  7196 | D:6      | Noticed Duvessa
  7199 | D:6      | Noticed Dowan
  7390 | D:5      | Reached skill level 6 in Fighting
  7625 | D:6      | Killed Dowan
  7650 | D:5      | Killed Duvessa
  7762 | D:6      | Reached XP level 9. HP: 23/78 MP: 17/20
  7801 | D:6      | Reached ** piety under Cheibriados
  8024 | D:6      | Found Xaoh Jue's Armour Shoppe.
  8213 | D:6      | Found a stormy altar of Qazlal.
  8246 | D:6      | Got a distressingly furry ring mail
  8247 | D:6      | Identified the +1 ring mail of Elyvilon's Benevolence {rN+}
                  | (You found it on level 6 of the Dungeon)
  8360 | D:6      | Reached skill level 7 in Fighting
  8540 | D:6      | Found an ancient bone altar of Kikubaaqudgha.
  8540 | D:6      | Found a corrupted altar of Lugonu.
  8874 | D:7      | Noticed a two-headed ogre
  8885 | D:7      | Killed a two-headed ogre
  9077 | D:7      | Reached skill level 8 in Fighting
  9088 | D:7      | Noticed a troll
  9107 | D:7      | Killed a troll
  9107 | D:7      | Reached XP level 10. HP: 88/88 MP: 13/24
  9119 | D:7      | Learned a level 5 spell: Dispel Undead
  9482 | D:7      | Killed an unseen horror
  9685 | D:7      | Reached *** piety under Cheibriados
 10105 | D:8      | Found a sand-covered staircase.
 10110 | Ossuary  | Entered an ossuary
 10394 | Ossuary  | Reached **** piety under Cheibriados
 10674 | D:8      | Reached skill level 9 in Fighting
 10779 | D:8      | Found a staircase to the Lair.
 10796 | D:8      | Found a white marble altar of Elyvilon.
 11547 | D:9      | Found a bloodstained altar of Trog.
 11698 | D:9      | Reached ***** piety under Cheibriados
 11828 | D:9      | Reached XP level 11. HP: 93/97 MP: 22/26
 12168 | D:9      | Noticed a two-headed ogre
 12180 | D:9      | Killed a two-headed ogre
 12180 | D:9      | Reached skill level 10 in Spellcasting
 12185 | D:9      | Noticed a centaur warrior
 12549 | D:9      | Killed a centaur warrior
 12549 | D:9      | Reached skill level 10 in Fighting
 12960 | D:9      | Got a shimmering flail
 12961 | D:9      | Identified the +4 flail "Litzik" {drain, *Rage Dex+7} (You
                  | found it on level 9 of the Dungeon)
 12985 | D:9      | Found a sacrificial altar of Ru.
 13243 | D:10     | Entered Level 10 of the Dungeon
 13643 | D:10     | Reached skill level 5 in Invocations
 14021 | D:10     | Noticed a brown ugly thing
 14030 | D:10     | Killed a brown ugly thing
 14520 | D:10     | Noticed a skeletal warrior
 14524 | D:10     | Killed a skeletal warrior
 14907 | D:11     | Noticed a tengu warrior
 14908 | D:11     | Noticed a tengu warrior
 15027 | D:11     | Killed a tengu warrior
 15027 | D:11     | Reached skill level 11 in Fighting
 15089 | D:10     | Reached XP level 12. HP: 78/110 MP: 28/28
 15096 | D:10     | Learned a level 5 spell: Bolt of Draining
 15290 | D:11     | Found a staircase to the Orcish Mines.
 15458 | D:11     | Noticed a tengu warrior
 15463 | D:11     | Reached ****** piety under Cheibriados
 15466 | D:11     | Killed a tengu warrior
 15630 | D:11     | Noticed a seven-headed hydra
 15638 | D:11     | Killed a seven-headed hydra
 15717 | D:11     | Noticed a four-headed hydra
 15722 | D:11     | Killed a four-headed hydra
 15722 | D:11     | Reached skill level 10 in Invocations
 15884 | D:11     | Killed a tengu warrior
 16097 | D:11     | Noticed a centaur warrior
 16100 | D:11     | Killed a centaur warrior
 16347 | D:11     | Noticed Psyche
 16357 | D:11     | Killed Psyche
 16444 | D:12     | Entered Level 12 of the Dungeon
 16480 | D:12     | Noticed a two-headed ogre
 16483 | D:12     | Killed a two-headed ogre
 16627 | D:12     | Noticed a yaktaur captain
 16640 | D:12     | Killed a yaktaur captain
 16640 | D:12     | Reached skill level 12 in Fighting
 16759 | D:12     | Found a gate to the Vaults.
 16960 | D:12     | Noticed a two-headed ogre
 16963 | D:12     | Killed a two-headed ogre
 17143 | D:12     | Found a shattered altar of Ashenzari.
 17342 | D:12     | Reached XP level 13. HP: 77/118 MP: 6/29
 17480 | D:12     | Found a staircase to the Depths.
 18181 | Lair:1   | Entered Level 1 of the Lair of Beasts
 18188 | Lair:1   | Reached skill level 1 in Shields
 18325 | Lair:1   | Reached skill level 13 in Fighting
 19165 | Lair:2   | Reached skill level 1 in Polearms
 19516 | Lair:2   | Found a hole to the Spider Nest.
 21056 | Lair:3   | Found a runed door.
 21069 | Lair:3   | Reached skill level 5 in Polearms
 21315 | Lair:3   | Reached XP level 14. HP: 129/129 MP: 19/30
 21317 | Lair:3   | Noticed a dire elephant
 21693 | Lair:3   | Noticed Prince Ribbit
 21695 | Lair:3   | Killed Prince Ribbit
 21901 | Lair:3   | Learned a level 6 spell: Bolt of Fire
 22171 | Lair:3   | Killed a dire elephant
 22373 | Lair:4   | Found a staircase to the Shoals.
 24409 | Lair:6   | Entered Level 6 of the Lair of Beasts
 24429 | Lair:6   | Reached skill level 14 in Fighting
 25619 | Lair:6   | Got a translucent flail
 25620 | Lair:6   | Identified the +5 flail of Caitol {drain, Str+3} (You found
                  | it on level 6 of the Lair of Beasts)
 25662 | Lair:6   | Found a viscous altar of Jiyva.
 25663 | Lair:6   | Found a staircase to the Slime Pits.
 26090 | Lair:6   | Reached XP level 15. HP: 119/139 MP: 25/31
 26395 | Lair:6   | Reached skill level 10 in Polearms
 26813 | Spider:1 | Entered Level 1 of the Spider Nest
 27878 | Orc      | Entered the Orcish Mines
 27898 | Orc      | Found a staircase to the Elven Halls.
 27948 | Orc      | Noticed Josephine
 27957 | Orc      | Killed Josephine
 28110 | Orc      | Paralysed by an orc sorcerer for 4 turns
 28253 | Orc      | Found a radiant altar of Vehumet.
 28352 | Orc      | Noticed an orc warlord
 28354 | Orc      | Reached skill level 15 in Fighting
 28368 | Orc      | Killed an orc warlord
 28623 | Orc      | Found Goabibb's Weapon Shoppe.
 28637 | Orc      | Found Cimoc's Jewellery Emporium.
 28654 | Orc      | Found Gidiraypn's Food Shop.
 28663 | Orc      | Found Erossa Izai's Gadget Emporium.
 28685 | Orc      | Found Xopp's Distillery.
 28693 | Orc      | Bought a potion of heal wounds for 65 gold pieces
 29116 | Orc      | Bought a potion of magic for 104 gold pieces
 29358 | Spider:1 | HP: 6/141 [tarantella (12)]
 29371 | Spider:1 | Noticed an emperor scorpion
 29376 | Spider:1 | HP: 7/141 [electric eel/bolt of electricity (6)]
 29872 | Depths:1 | Entered Level 1 of the Depths
 29872 | Depths:1 | Found a gateway to Hell.
 29875 | Depths:1 | Identified the +3 faerie dragon scales {*Corrode +Blink
                  | rCorr Int+9}
 29875 | Depths:1 | Noticed the Enchantress
 29879 | Depths:1 | Reached skill level 1 in Armour
 29879 | Depths:1 | Reached XP level 16. HP: 58/149 MP: 25/33
 29881 | Depths:1 | Killed the Enchantress
 29920 | Depths:1 | Got a crystal hand axe
 30091 | Depths:1 | Identified the +0 hand axe "Daumufy" {drain, rN+ Str-5
                  | Int+8} (You found it on level 1 of the Depths)
 30129 | Depths:1 | Found a runed translucent gate.
 30129 | Depths:1 | Found a runed translucent gate.
 30129 | Depths:1 | Found a runed translucent gate.
 30129 | Depths:1 | Found an ancient bone altar of Kikubaaqudgha.
 30129 | Depths:1 | Noticed Chiseanne's ghost (adept DsAc)
 30129 | Depths:1 | Noticed MisterOstroum's ghost (adept FrCj)
 30129 | Depths:1 | Noticed a lich
 30129 | Depths:1 | Noticed a lich
 30129 | Depths:1 | Noticed an ancient lich
 30142 | Depths:1 | Learned a level 7 spell: Spellforged Servitor
 30784 | Depths:1 | Found a one-way gate leading to the halls of Pandemonium.
 31632 | Depths:1 | Noticed Aizul
 31645 | Depths:1 | Killed Aizul
 32307 | Depths:1 | Got a creamy pearl robe
 32310 | Depths:1 | Identified the +2 robe of Zoeqyu {Str+2} (You found it on
                  | level 1 of the Depths)
 32453 | Depths:1 | Reached skill level 5 in Armour
 32459 | Depths:1 | Got a crystal war axe
 32600 | Depths:1 | Identified the +6 war axe of Itzioffu {drain, rPois Stlth+}
                  | (You found it on level 1 of the Depths)
 33239 | Depths:1 | Noticed Mara
 33244 | Depths:1 | Noticed Bnni's illusion
 33246 | Depths:1 | Killed Mara
 33390 | Depths:1 | Reached skill level 16 in Fighting
 33866 | Depths:2 | Reached XP level 17. HP: 112/158 MP: 5/34
 33875 | Depths:2 | HP: 4/237 [deep troll (8)]
 34456 | Depths:2 | HP: 3/158 [smoke demon/divine providence (14)]
 34806 | Depths:2 | Noticed a lich
 34809 | Depths:2 | Killed a lich
 34962 | Depths:2 | Noticed a Killer Klown
 34975 | Depths:2 | Killed a Killer Klown
 35106 | Depths:1 | Killed an ancient lich
 35107 | Depths:1 | Killed a lich
 35110 | Depths:1 | Killed MisterOstroum's ghost
 35112 | Depths:1 | Killed Chiseanne's ghost
 35113 | Depths:1 | Killed a lich
 35123 | Depths:1 | Got a flickering ivory ring
 35134 | Depths:1 | Got a pair of polished boots
 35145 | Depths:1 | Identified the +2 pair of boots of the Blacksmith {*Contam
                  | +Inv MR+ rCorr} (You found it on level 1 of the Depths)
 35146 | Depths:1 | Identified the ring "Geca" {*Slow rC++ Int+5} (You found it
                  | on level 1 of the Depths)
 35862 | Spider:1 | HP: 1/159 [spark wasp/living lightning (14)]
 35955 | Spider:1 | HP: 4/159 [something (10)]
 35955 | Spider:1 | Slain by a ghost moth

Skill      XL: |  1  2  3  4  5  6  7  8  9 10 11 12 13 14 15 16 17 |
---------------+----------------------------------------------------+-----
Fighting       | 1 2 3 4 5 6 8 9 11 12 13 14 15 16 | 16.5
Spellcasting   | 3 4 5 6 8 9 10 11 12 | 12.3
Invocations    | 8 12 13 | 13.0
Shields        | 4 |  4.1
Polearms       | 5 9 12 14 | 14.0
Armour         | 1 5 7 |  7.1
Dodging        | |  1.7
Stealth        | |  1.7
Conjurations   | | 12.3
Hexes          | | 12.3
Charms         | | 12.3
Summonings     | | 12.3
Necromancy     | | 12.3
Translocations | | 12.3
Transmutations | | 12.3
Fire Magic     | | 12.3
Ice Magic      | | 12.3
Air Magic      | | 12.3
Earth Magic    | | 12.3
Poison Magic   | | 12.3

Action                   |  1- 3 |  4- 6 |  7- 9 | 10-12 | 13-15 | 16-18 || total
-------------------------+-------+-------+-------+-------+-------+-------++-------
Melee: Staff             |    91 |    43 |       |    19 |     5 |       ||   158
       Headbutt          |     9 |    19 |    49 |   119 |   154 |    75 ||   425
       Bite              |     4 |    13 |    24 |    60 |    81 |    46 ||   228
       Dagger            |       |    84 |   172 |   291 |       |       ||   547
       Flail             |       |       |       |     5 |       |       ||     5
       Demon trident     |       |       |       |     6 |   525 |   322 ||   853
 Cast: Magic Dart        |    16 |    40 |    53 |    28 |       |       ||   137
       Freeze            |    21 |    16 |    12 |     8 |     3 |     1 ||    61
       Searing Ray       |       |     8 |     5 |     2 |     1 |       ||    16
       Conjure Flame     |       |     1 |       |     5 |     3 |     2 ||    11
       Summon Scorpions  |       |       |    22 |    52 |    67 |    10 ||   151
       Mephitic Cloud    |       |       |     7 |    17 |     8 |     4 ||    36
       Blink             |       |       |     1 |     3 |     6 |     6 ||    16
       Dispel Undead     |       |       |       |    46 |    20 |    12 ||    78
       Bolt of Draining  |       |       |       |    29 |    96 |    50 ||   175
       Bolt of Fire      |       |       |       |       |     5 |     7 ||    12
       Spellforged Servi |       |       |       |       |       |     5 ||     5
Invok: Slouch            |       |       |       |       |     8 |     5 ||    13
       Temporal Distorti |       |       |       |       |       |     2 ||     2
       Step From Time    |       |       |       |       |       |     1 ||     1
Evoke: Lamp of fire      |       |       |       |       |     1 |       ||     1
       Wand              |       |       |       |       |       |     5 ||     5
  Use: Scroll            |       |     7 |     6 |    12 |    12 |     9 ||    46
       Potion            |       |       |       |     1 |    11 |    10 ||    22
 Stab: Sleeping          |     5 |       |     4 |       |     3 |       ||    12
       Distracted        |       |       |     2 |     4 |    10 |       ||    16
       Confused          |       |       |     3 |     4 |     2 |     3 ||    12
  Eat: Chunk             |     5 |     6 |    14 |    14 |    12 |    11 ||    62
       Ration            |       |       |     2 |       |       |     1 ||     3
Armor: Animal skin       |    42 |    10 |       |       |       |       ||    52
       Leather armour    |       |    18 |    48 |    82 |   157 |       ||   305
       Robe              |       |       |    16 |    82 |       |       ||    98
       Plate armour      |       |       |       |       |    39 |       ||    39
       Skin              |       |       |       |       |     6 |    24 ||    30
       Fire dragon scale |       |       |       |       |       |   106 ||   106
Dodge: Dodged            |    65 |    75 |   118 |   248 |   292 |   119 ||   917
Block: Buckler           |       |       |       |       |   171 |    68 ||   239
       Reflection        |       |       |       |       |       |     7 ||     7
